 Dungeon Crawl Stone Soup version 0.19-a0-867-g949743d (webtiles) character file.

613 matakusis the Ducker (level 7, 0/54 HPs)
             Began as a Demonspawn Gladiator on July 3, 2016.
             Slain by an orc priest
             ... wielding a +4 flail
              (3 damage)
             ... on level 4 of the Dungeon.
             The game lasted 00:09:18 (3250 turns).

matakusis the Ducker (Demonspawn Gladiator)         Turns: 3250, Time: 00:09:18

Health: 0/54       AC:  8    Str: 16    XL:     7   Next: 20%
Magic:  7/7        EV: 14    Int:  9    God:
Gold:   124        SH:  0    Dex: 15    Spells: 0 memorised, 6 levels left

rFire  . . .     SeeInvis .     a - +0 long sword
rCold  + . .     Gourm    .     b - +1 leather armour
rNeg   . . .     Faith    .     (no shield)
rPois  .         Spirit   .     c - +0 helmet
rElec  .         Dismiss  .     (no cloak)
rCorr  .         Reflect  .     (no gloves)
SustAt .         Harm     +     (no boots)
MR     .....                    u - amulet of harm
Stlth  ++........               (no ring)
                                t - ring of protection from cold

@: not resistant to hostile enchantments, unstealthy
A: claws 1, molten scales 2, nightstalker 1
a: no special abilities


You were on level 4 of the Dungeon.
You were not hungry.

You visited 1 branch of the dungeon, and saw 4 of its levels.

You collected 124 gold pieces.

Inventory:

Hand Weapons
 a - a +0 long sword (weapon)
Missiles
 d - 3 throwing nets (quivered)
Armour
 b - a +1 leather armour (worn)
 c - a +0 helmet (worn)
Jewellery
 p - an uncursed amulet of faith
 t - a ring of protection from cold (left claw)
 u - an amulet of harm (around neck)
Scrolls
 h - a scroll of teleportation {unknown}
 n - a scroll of enchant armour
 o - 2 scrolls of identify
Potions
 e - 2 potions of haste
 l - a potion of curing
 s - a potion of heal wounds
Comestibles
 f - 6 bread rations
 g - 2 beef jerkies
 i - a meat ration
 j - 3 chunks of flesh
 k - 8 fruits


   Skills:
 * Level 4.0 Fighting
 + Level 4.1 Long Blades
 - Level 1.7 Throwing
 + Level 2.3 Armour
 * Level 5.4 Dodging


You had 6 spell levels left.
You didn't know any spells.

Dungeon Overview and Level Annotations

Branches:
Dungeon (4/15)
 Temple: D:4-7

Altars:
Qazlal
Vehumet

Shops:
D:4 =:%*


Innate Abilities, Weirdness & Mutations

You have sharp fingernails.
You are mostly covered in molten scales. (AC +3, EV -1)
You are slightly more attuned to the shadows.


Message History

The hound is almost dead.
The hound bites you but does no damage. The hound closely misses you.
You riposte.
You slash the hound!
You kill the hound!
The orc priest invokes the aid of Beogh against you.
You struggle to resist.
The orc priest looks braver for a moment.
The orc priest hits you with an enchanted flail.
The orc priest misses you.
The orc priest hits you with an enchanted flail!
* * * LOW HITPOINT WARNING * * *
The orc priest miscasts a cantrip.
The orc priest hits you but does no damage.
The orc priest closely misses you.
You riposte.
You hit the orc priest.
The orc priest is moderately wounded.
The orc priest hits you with an enchanted flail!
* * * LOW HITPOINT WARNING * * *
The orc priest looks braver for a moment.
The orc priest hits you with an enchanted flail.
You die...

#.......#
#.......#
#.......#
#.......#
#.......#.#
#..o†)..#.# #@#
#.# # #<## #.# ##
#..# #.# ## ##.#
#.# #.#. #.###.#
#... # #..##.#
#.#. #.
####.##.#### #.##
##.###..........#
#.##
........###.#.#.##
#.##


You could see an orc priest.

Vanquished Creatures
  Grinder (D:3)
  Eustachio (D:4)
  A hound (D:4)
  Jessica (D:3)
  Natasha (thrice) (D:2)
  6 adders
  2 oozes
  A worm (D:3)
  2 dart slugs (D:4)
  4 giant geckos
  4 orcs
  A ball python (D:3)
  8 bats
  A giant cockroach (D:2)
  4 hobgoblins
  12 jackals
  2 quokkas (D:3)
  A giant gecko skeleton (D:4)
  3 giant newts
  6 goblins
  9 kobolds
  7 rats
80 creatures vanquished.

Notes
Turn   | Place    | Note
-------+----------+-------------------------------------------
     0 | D:1      | matakusis the Demonspawn Gladiator began the quest for the Orb.
     0 | D:1      | Reached XP level 1. HP: 16/16 MP: 1/1
   656 | D:1      | Gained mutation: You are partially covered in molten scales. (AC +1) [demonic ancestry]
   656 | D:1      | Reached XP level 2. HP: 20/22 MP: 2/2
   676 | D:1      | Reached skill level 3 in Dodging
   961 | D:2      | Found a faded altar of an unknown god.
  1117 | D:2      | Gained mutation: You are slightly more attuned to the shadows. [demonic ancestry]
  1117 | D:2      | Reached XP level 3. HP: 25/28 MP: 3/3
  1341 | D:2      | Noticed Natasha
  1352 | D:2      | Killed Natasha
  1384 | D:2      | Noticed Natasha
  1390 | D:2      | Killed Natasha
  1390 | D:2      | Reached skill level 1 in Armour
  1390 | D:2      | Reached XP level 4. HP: 14/34 MP: 4/4
  1511 | D:2      | Noticed Natasha
  1520 | D:2      | Killed Natasha
  1821 | D:3      | Noticed Jessica
  1829 | D:3      | Killed Jessica
  1829 | D:3      | Reached skill level 4 in Dodging
  1829 | D:3      | Gained mutation: You are mostly covered in molten scales. (AC +3, EV -1) [demonic ancestry]
  1829 | D:3      | Reached XP level 5. HP: 25/40 MP: 5/5
  2396 | D:3      | Noticed Grinder
  2402 | D:3      | Paralysed by Grinder for 2 turns
  2411 | D:3      | Killed Grinder
  2411 | D:3      | Gained mutation: You have sharp fingernails. [demonic ancestry]
  2411 | D:3      | Reached XP level 6. HP: 4/47 MP: 6/6
  2729 | D:3      | Found a radiant altar of Vehumet.
  3041 | D:4      | Found Toit's Assorted Antiques.
  3044 | D:4      | Found Uddam's Food Boutique.
  3044 | D:4      | Found Kairoeps's Book Shop.
  3047 | D:4      | Found Mutodgh's Jewellery Shop.
  3149 | D:4      | Found a stormy altar of Qazlal.
  3149 | D:4      | Noticed Eustachio
  3171 | D:4      | Killed Eustachio
  3171 | D:4      | Reached skill level 5 in Dodging
  3171 | D:4      | Reached XP level 7. HP: 37/53 MP: 7/7
  3248 | D:4      | HP: 2/54 [orc priest/enchanted flail (12)]
  3250 | D:4      | Slain by an orc priest

Vault maps used:
D:1:      eino_arrival_cavern_a, minmay_ruptured
D:2:      ecumenical_altar_1, uniq_natasha
D:3:      marbit_many_paths, first_bread, dk_vineyard_2, grunt_ministairs_9,
          uniq_jessica, uniq_grinder
D:4:      minmay_shoptagon, nicolae_qazlal_general_emergency, uniq_eustachio

Skill      XL: |  1  2  3  4  5  6  7 |
---------------+----------------------+-----
Dodging        | 3 4 5 |  5.4
Long Blades    | 3 4 |  4.1
Armour         | 1 2 |  2.3
Fighting       | 3 4 |  4.0
Throwing       | |  1.7

Action                   |  1- 3 |  4- 6 |  7- 9 || total
-------------------------+-------+-------+-------++-------
Melee: Long sword        |   161 |   174 |    14 ||   349
  Use: Scroll            |       |     6 |       ||     6
       Potion            |       |     5 |     1 ||     6
 Stab: Sleeping          |     2 |     4 |       ||     6
       Distracted        |       |     1 |       ||     1
  Eat: Chunk             |     2 |     6 |       ||     8
Armor: Leather armour    |    41 |    50 |    11 ||   102
Dodge: Dodged            |   107 |   104 |    16 ||   227
